AoeStats
← sadsciencee

Arabian Desert

508822758Analyzed
1v1 RM · 8d ago on Sep 24, 2026· 47m 57s· 2 players
Game mode
Random Map
Map size
Tiny (2 player)
Population
200
Speed
Normal
Resources
Standard
Victory
Conquest
Starting age
Dark Age
Ending age
Imperial Age
RankedLock teamsTeams togetherTeam positionsShared explorationLock speedFull tech treeHidden civsTurbo modeCheats
Victory
Defeat
🇲🇽 Khmer · Mexico
876
+15
🇺🇸 Turks · United States
858
-15
sadsciencee
10:39 Feudal Age
8:55 Loom
12:52 Man-at-Arms
15:11 Double-Bit Axe
24:27 Castle Age
23:04 Fletching
24:00 Padded Archer Armor
28:17 Stone Mining
28:20 Gold Mining
28:39 Horse Collar
29:11 Bodkin Arrow
29:54 Leather Archer Armor
ZikaRZ
7:41 Loom
10:12 Feudal Age
11:00 Double-Bit Axe
13:09 Fletching
17:03 Padded Archer Armor
22:33 Castle Age
23:32 Town Watch
28:47 Herbal Medicine
28:30 Crossbowman
29:59 Fervor
30:45 Wheelbarrow
36:46 Imperial Age
Connection lost

Rejoining the realm…

Still unreachable

The connection could not be restored.

Session expired

The server has moved on; the page needs a fresh start.